 Seeded DCSS version 0.30-a0-956-gcec3b41aec (webtiles) character file.

Game seed: 20230327 (custom seed)

140689 GigaChad the Warrior (level 16, -1/159 HPs)
             Began as a Minotaur Fighter on Mar 29, 2023.
             Was an Initiate of Gozag.
             Slain by a merfolk impaler
             ... wielding a +5 trident of protection
              (5 damage)
             ... on level 4 of the Shoals on Mar 30, 2023.
             The game lasted 00:58:04 (24252 turns).

GigaChad the Warrior (Minotaur Fighter)            Turns: 24252, Time: 00:58:04

Health: -1/159     AC: 33    Str: 27    XL:     16   Next: 76%
Magic:  15/15      EV: 11    Int:  7    God:    Gozag
Gold:   3909       SH: 15    Dex: 15    Spells: 15/15 levels left

rFire   . . .      SeeInvis .    I - +5 war axe of Kecas {freeze, Int+3 Stlth+}
rCold   . . .      Faith    .    U - +1 kite shield
rNeg    . . .      Spirit   .    n - +18 Lear's hauberk
rPois   +          Reflect  .    (helmet currently unavailable)
rElec   .          Rampage  .    S - +0 cloak "Bowkil" {Int+2 Dex+3}
rCorr   .          Rage     50%  (gloves currently unavailable)
Will    +++..                    (boots currently unavailable) Stlth
                                 B - necklace of Bloodlust {Fury *Rage Will++ Int-3 Slay+6}
HPRegen 0.46/turn                P - ring of poison resistance
MPRegen 0.14/turn                (no ring)

@: gold aura, on berserk cooldown, bribing [the Shoals]
A: horns 2, retaliatory headbutt
a: Renounce Religion, Potion Petition, Call Merchant, Bribe Branch


You were on level 4 of the Shoals.
You worshipped Gozag.
Gozag was most pleased with you.
You visited 5 branches of the dungeon, and saw 25 of its levels.

You collected 8725 gold pieces.
You spent 1758 gold pieces at shops.
You paid 3058 gold pieces to Gozag.

Inventory:

Hand Weapons
 a - a +0 vampiric war axe
 o - a +8 trident of protection
 t - the +0 flail "Jellybane" {holy, rElec rF+ Str-4 Stlth+}
   (You found it on level 6 of the Dungeon)

   Str:       It affects your strength (-4).
   rF:        It protects you from fire.
   rElec:     It insulates you from electricity.
   Stlth:     It makes you more stealthy.
 I - the +5 war axe of Kecas (weapon) {freeze, Int+3 Stlth+}
   (You acquired it on level 13 of the Dungeon)

   Int:       It affects your intelligence (+3).
   Stlth:     It makes you more stealthy.
 J - a +2 heavy war axe
Missiles
 H - 3 throwing nets (quivered)
Armour
 n - the +18 Lear's hauberk (worn)
   (You found it on level 4 of the Dungeon)
 K - a +1 plate armour
 S - the +0 cloak "Bowkil" (worn) {Int+2 Dex+3}
   (You found it on level 1 of the Lair of Beasts)

   Int:       It affects your intelligence (+2).
   Dex:       It affects your dexterity (+3).
 U - a +1 kite shield (worn)
Jewellery
 b - a ring of ice
 u - a ring of fire
 B - the necklace of Bloodlust (around neck) {Fury *Rage Will++ Int-3 Slay+6}
   (You bought it in a shop on level 1 of the Dungeon)

   [amulet of nothing]

   Fury:      It extends the wearer's berserk rage when killing foes.
   Int:       It affects your intelligence (-3).
   Slay:      It affects your accuracy & damage with ranged weapons and melee
   (+6).
   *Rage:     It berserks you when you make melee attacks (+50% chance).
   Will:      It greatly increases your willpower.
 D - a ring of ice
 P - a ring of poison resistance (left hand)
 X - a ring of protection from cold
Wands
 p - a wand of mindburst (4)
 y - a wand of flame (13)
 F - a wand of paralysis (29)
 L - a wand of roots (25)
 Y - a wand of polymorph (11)
 Z - a wand of quicksilver (5)
Scrolls
 g - a scroll of blinking
 i - 6 scrolls of poison
 l - 7 scrolls of magic mapping
 m - a scroll of amnesia
 q - 3 scrolls of immolation
 w - 5 scrolls of fog
 A - 13 scrolls of teleportation
 E - a scroll of fear
 Q - 2 scrolls of vulnerability
 R - 2 scrolls of summoning
 T - 6 scrolls of identify
 V - a scroll of noise
Potions
 d - 5 potions of might
 e - 13 potions of curing
 f - 5 potions of lignification
 h - 5 potions of degeneration
 j - 6 potions of heal wounds
 k - 6 potions of berserk rage
 r - 8 potions of brilliance
 s - a potion of flight {unknown}
 v - a potion of invisibility {unknown}
 x - a potion of ambrosia {unknown}
 z - 4 potions of attraction {unknown}
 C - a potion of mutation {unknown}
 G - a potion of resistance {unknown}
 N - a potion of cancellation {unknown}
 O - 2 potions of haste {unknown}
Miscellaneous
 c - a box of beasts
 M - a tin of tremorstones (2/2)
 W - a lightning rod (4/4)


   Skills:
 * Level 18.8 Fighting
 + Level 17.8 Axes
 + Level 0.1 Throwing
 * Level 16.2 Armour
 + Level 6.3 Dodging
 + Level 3.6 Stealth
 * Level 15.9 Shields
 + Level 0.1 Evocations


You had 15 spell levels left.
You didn't know any spells.
Your spell library contained the following spells:

 Spells                   Type           Power      Damage    Failure   Level
 Foxfire                  Conj/Fire      0%         2x1d2     95%         1
 Sting                    Tmut/Pois      0%         1d3       95%         1
 Ensorcelled Hibernation  Hex/Ice        0%         N/A       99%         2
 Poisonous Vapours        Pois/Air       0%         N/A       99%         2
 Static Discharge         Conj/Air       0%         2-2/arc   99%         2
 Ignite Poison            Fire/Tmut/Pois 0%         N/A       100%        3
 Kindle Blastsparks       Fire/Tloc/Air  0%         2d10      100%        3
 Portal Projectile        Hex/Tloc       0%         N/A       100%        3
 Spider Form              Tmut/Pois      0%         N/A       100%        3
 Stone Arrow              Conj/Erth      0%         3d7       100%        3
 Tukima's Dance           Hex            0%         N/A       100%        3
 Vhi's Electric Charge    Tloc/Air       0%         N/A       100%        3
 Anguish                  Hex/Necr       0%         N/A       100%        4
 Animate Armour           Summ/Erth      0%         N/A       100%        4
 Fulminant Prism          Conj/Hex       0%         3d5       100%        4
 Iskenderun's Mystic Bla  Conj/Tloc      0%         2d3       100%        4
 Olgreb's Toxic Radiance  Pois           0%         N/A       100%        4
 Sticky Flame             Conj/Fire      0%         2d3       100%        4
 Arcjolt                  Conj/Air       0%         1d10      100%        5
 Blade Hands              Tmut           0%         N/A       100%        5
 Borgnjor's Vile Clutch   Necr/Erth      0%         N/A       100%        5
 Fireball                 Conj/Fire      0%         3d3       100%        5
 Freezing Cloud           Conj/Ice/Air   0%         6-21      100%        5
 Lee's Rapid Deconstruct  Erth           0%         3d4*      100%        5
 Plasma Beam              Fire/Air       0%         2x1d7     100%        5
 Death Channel            Necr           0%         N/A       100%        6
 Starburst                Conj/Fire      0%         6d3       100%        6
 Borgnjor's Revivificati  Necr           0%         N/A       100%        8
 Ignition                 Fire           0%         3d3       100%        8
 Lehudib's Crystal Spear  Conj/Erth      0%         10d2      100%        8
 Necromutation            Tmut/Necr      0%         N/A       100%        8
 Chain Lightning          Conj/Air       0%         N/A       100%        9
 Death's Door             Necr           0%         N/A       100%        9
 Fire Storm               Conj/Fire      0%         5d1       100%        9
 Polar Vortex             Ice            0%         N/A       100%        9
 Shatter                  Erth           0%         3d5*      100%        9
 Animate Dead             Necr           Unusable   N/A       N/A         4
 Simulacrum               Ice/Necr       Unusable   N/A       N/A         6

Dungeon Overview and Level Annotations

Branches:
Dungeon (13/15)            Temple (1/1) D:5            Lair (5/5) D:11
 Shoals (4/4) Lair:2        Snake (0/4) Lair:3          Orc (2/2) D:9
    Elf (0/3) Orc:2        Vaults (0/5) D:13
  Slime: Lair:4-5

Altars:
Ashenzari
Cheibriados
Dithmenos
Elyvilon
Fedhas
Gozag
Hepliaklqana
Makhleb
Okawaru
Qazlal
Ru
Sif Muna
Trog
Uskayaw
Vehumet
Xom
Yredelemnul
Zin
Jiyva

Shops:
D:1 *=:*=   D:11 :   Orc:1 !   Orc:2 [!(*[

Annotations:
D:7 3 runed translucent doors, 0gre's ghost, novice GnCj
D:9 exclusion: statue
D:11 2 transporters, benadryl's ghost, novice TrBe
Lair:1 exclusion: oklob plant
Lair:5 3 runed translucent doors, exclusions: obsidian statue and oklob plant, Novit's ghost, journeyman OpAE
Orc:1 3 runed translucent doors, monoptic's ghost, journeyman TrFi


Innate Abilities, Weirdness & Mutations

You have a pair of horns on your head.
You reflexively headbutt those who attack you in melee.


Message History

You hit the merfolk impaler but do no damage.
Your headbutt misses the merfolk impaler.
The merfolk impaler is severely wounded.
The merfolk impaler hits you but does no damage.
The merfolk impaler hits you with a +5 trident of protection.
* * * LOW HITPOINT WARNING * * *
You hit the merfolk impaler. You freeze the merfolk impaler.
The merfolk impaler is almost dead.
You block the merfolk impaler's attack. The merfolk impaler closely misses you.
You furiously retaliate!
You headbutt the merfolk impaler. You miss the merfolk impaler.
Your headbutt misses the merfolk impaler.
The merfolk impaler is almost dead.
The merfolk impaler hits you with a +5 trident of protection.
* * * LOW HITPOINT WARNING * * *
The merfolk impaler hits you with a +5 trident of protection!
* * * LOW HITPOINT WARNING * * *
You completely miss the merfolk impaler.
You headbutt the merfolk impaler!
The merfolk impaler is almost dead.
You feel yourself speed up. The merfolk impaler closely misses you.
The merfolk impaler hits you but does no damage.
You miss the merfolk impaler.
The merfolk impaler is almost dead.
The merfolk impaler hits you but does no damage.
The merfolk impaler attacks as you move away!
The merfolk impaler hits you but does no damage.
You block the merfolk impaler's attack.
You hear a splash. x2
The merfolk impaler hits you from afar with a +5 trident of protection!
* * * LOW HITPOINT WARNING * * *
Things that are here:
8 gold pieces; a +0 rapier; a +0 robe You block the merfolk impaler's attack.
You miss the merfolk impaler.
The merfolk impaler is almost dead.
The merfolk impaler hits you with a +5 trident of protection.
You die...
Your body crumbles into a pile of gold.

~~~~≈≈≈≈≈≈≈≈≈≈~~~~~~~~~
.~~~~≈≈≈≈≈≈≈≈~~~~~~~~~~
[..~~≈≈≈≈≈≈≈~~~~~~....~~.~~≈≈≈≈≈≈
##..~≈≈≈≈~~~~~~~~~...~~~~~~≈≈≈≈≈≈
##.~~~~~~~~~~~~..~....~~≈≈≈≈≈≈≈≈
#.~~~~~~~..~m~#####.~~~~~~≈≈≈≈≈
##.~~~~~.....~##m..##~~~~~~~≈≈≈≈
##..~~........)#[....#~~~~~~~~≈≈≈
#...~.........$m@$|..#~~~~~~~≈≈≈≈
...........)...#)....#~~~~~~P~≈≈≈
.......#....~~~##...##.~~#####P≈≈
......##m..~~~~m#####~~~##
~......~...~~~~~~~~~~.~~# ~
......~~..~~~~~~~≈≈....~# ~
.........~~~~~~~~≈≈..§.~# ~~
.....#..~~.~~~~~~≈≈m##.~## #~m
.......~~~~~~~~~~≈≈≈..mm~#####~~P


You could see a merfolk impaler and a neutral merfolk aquamancer (wandering).

Vanquished Creatures
  Bai Suzhen (Shoals:3)
  Gastronok (Orc:1)
  An orc warlord (Orc:2)
  A stone giant (Shoals:1)
  2 dire elephants (Lair:5)
  Snorg (D:10)
  2 merfolk javelineers (Shoals:2)
  8 vault guards (D:13)
  6 hydras
  Erolcha (D:10)
  Erica (D:8)
  2 two-headed ogres
  6 centaur warriors
  3 merfolk aquamancers (Shoals:4)
  An alligator snapping turtle (Shoals:4)
  A boulder beetle (Lair:4)
  A merfolk avatar (Shoals:3)
  3 orc high priests (Orc:2)
  A death yak (Lair:5)
  Urug (D:10)
  6 skysharks
  A spectral anaconda (Lair:5)
  Lodul (D:10)
  Pikel (D:4)
  2 harpies (Shoals:2)
  6 sea snakes
  A deep elf pyromancer (D:12)
  5 orc knights (Orc:2)
  4 necromancers (Lair:5)
  5 orc sorcerers (Orc:2)
  A cyclops (Shoals:1)
  2 ugly things
  4 fauns (Shoals:2)
  7 manticores
  24 elephants
  A dire elephant zombie (Lair:5)
  Maurice (Orc:1)
  4 merfolk sirens
  6 black mambas
  A water nymph (Lair:2)
  Maggie (D:10)
  14 cane toads
  3 rime drakes
  A dire elephant skeleton (Lair:5)
  An efreet (D:12)
  7 komodo dragons
  9 merfolk
  9 trolls
  4 wind drakes
  2 polar bears
  2 hornets
  4 dream sheep (Shoals:3)
  15 blink frogs
  3 snapping turtles
  Sigmund (D:5)
  A shadow (D:9)
  64 yaks
  4 water elementals
  2 wraiths
  6 wyverns
  Eustachio (D:4)
  A basilisk (Lair:5)
  2 steam dragons
  4 vampire mosquitoes (D:11)
  4 wargs
  Menkaure (D:5)
  An acid dragon (D:8)
  Duvessa (D:4)
  20 water moccasins
  An ice beast (D:6)
  30 orc warriors
  3 elephant zombies (Lair:5)
  5 centaurs
  9 ogres
  5 wolves (Lair:3)
  A phantom (D:5)
  A kobold brigand (D:10)
  A lemure (D:4)
  Blork the orc (D:5)
  12 bullfrogs
  2 wyvern zombies (D:8)
  5 scorpions
  A cane toad simulacrum (Lair:5)
  13 wights
  Dowan (D:4)
  11 killer bees
  A howler monkey (D:6)
  12 electric eels
  4 centaur zombies (D:8)
  A hound (D:5)
  5 jellies
  22 orc priests
  A gnoll bouda (D:9)
  2 iguanas
  A sleepcap (D:7)
  21 orc wizards
  Natasha (twice) (D:4)
  5 killer bee zombies
  A mummy (D:4)
  3 howler monkey zombies
  8 adders
  4 gnolls (D:9)
  3 white imps
  A worm (D:2)
  2 dart slugs
  49 orcs
  3 ball pythons (D:1)
  6 bats
  4 endoplasms
  5 giant cockroaches
  9 goblins
  6 hobgoblins
  2 jackals (D:2)
  2 quokkas
  3 frilled lizards
  13 kobolds
  4 rats
  A fungus (Lair:1)
623 creatures vanquished.

Vanquished Creatures (collateral kills)
  A harpy (Shoals:2)
  A water nymph (Shoals:2)
  2 water elementals (Shoals:4)
4 creatures vanquished.

Vanquished Creatures (others)
  3 merfolk impalers
  A merfolk avatar (Shoals:2)
  2 satyrs
  A sea snake (Shoals:4)
  A harpy (Shoals:2)
  3 manticores (Shoals:4)
  A faun (Shoals:2)
  3 merfolk sirens
  A wind drake (Shoals:2)
  6 merfolk
  4 snapping turtles
  21 fungi
  85 plants
  8 tentacles
  34 withered plants
174 creatures vanquished.

Grand Total: 801 creatures vanquished

Notes
Turn   | Place    | Note
-------+----------+-------------------------------------------
     0 | D:1      | GigaChad the Minotaur Fighter began the quest for the Orb.
     0 | D:1      | Reached XP level 1. HP: 19/19 MP: 0/0
     4 | D:1      | Found Xoclunid's Book Emporium.
    30 | D:1      | Found Aqium's General Store.
   104 | D:1      | Found Wostryiz's General Store.
   172 | D:1      | Reached XP level 2. HP: 27/27 MP: 1/1
   228 | D:2      | Reached skill level 4 in Fighting
   268 | D:2      | Found a white marble altar of Elyvilon.
   590 | D:4      | Found the +18 Lear's hauberk
   634 | D:4      | Noticed Dowan
   634 | D:4      | Noticed Duvessa
   657 | D:4      | Killed Duvessa
   658 | D:4      | Reached XP level 3. HP: 27/34 MP: 2/2
   658 | D:4      | Reached XP level 4. HP: 33/41 MP: 3/3
   665 | D:4      | Killed Dowan
   666 | D:4      | Reached XP level 5. HP: 41/47 MP: 4/4
   671 | D:5      | Entered Level 5 of the Dungeon
   692 | D:5      | Noticed Menkaure
   697 | D:5      | Found a staircase to the Ecumenical Temple.
   702 | D:5      | Killed Menkaure
   703 | D:5      | Reached skill level 5 in Fighting
   703 | D:5      | Reached skill level 5 in Axes
   703 | D:5      | Reached skill level 5 in Armour
   703 | D:5      | Reached skill level 1 in Dodging
   703 | D:5      | Reached XP level 6. HP: 4/56 MP: 5/5
   713 | Temple   | Entered the Ecumenical Temple
  1392 | Temple   | Became a worshipper of Gozag Ym Sagoz the Greedy
  2154 | D:1      | Found Uvvotic's Jewellery Boutique.
  2476 | D:1      | Found Muif's Jewellery Shop.
  2563 | D:1      | Found a faded altar of an unknown god.
  3283 | D:4      | Found a stormy altar of Qazlal.
  3286 | D:4      | Noticed an air elemental
  3286 | D:4      | Noticed a water elemental
  3286 | D:4      | Noticed a fire elemental
  3288 | D:4      | Noticed Pikel
  3302 | D:4      | Killed Pikel
  3303 | D:4      | Reached XP level 7. HP: 17/62 MP: 6/6
  3649 | D:4      | Reached skill level 6 in Fighting
  3649 | D:4      | Reached XP level 8. HP: 70/70 MP: 7/7
  3664 | D:4      | Noticed Natasha
  3670 | D:4      | Killed Natasha
  3707 | D:4      | Noticed Eustachio
  3726 | D:4      | Killed Eustachio
  4000 | D:4      | Noticed Natasha
  4010 | D:4      | Killed Natasha
  4011 | D:4      | Reached skill level 5 in Shields
  4175 | D:5      | Found a shimmering altar of Xom.
  4175 | D:5      | Found a shimmering altar of Xom.
  4176 | D:5      | Found a shimmering altar of Xom.
  4354 | D:5      | Noticed Sigmund
  4370 | D:5      | Killed Sigmund
  4422 | D:5      | Noticed Blork the orc
  4431 | D:5      | Killed Blork the orc
  4470 | D:5      | Reached skill level 10 in Axes
  4694 | D:1      | Bought the necklace of Bloodlust {Fury *Rage Will++ Int-3
                  | Slay+6} for 498 gold pieces
  4694 | D:1      | Found the necklace of Bloodlust {Fury *Rage Will++ Int-3
                  | Slay+6}
  5310 | D:6      | Reached XP level 9. HP: 78/78 MP: 8/8
  5607 | D:6      | Identified the +0 flail "Jellybane" {holy, rElec rF+ Str-4
                  | Stlth+}
  5730 | D:6      | Reached skill level 7 in Fighting
  6142 | D:6      | Reached skill level 1 in Stealth
  6148 | D:6      | Identified the +5 flail of the Evening {spect, rF++}
  6557 | D:7      | Found a hide-covered altar of Uskayaw.
  6564 | D:7      | Noticed a +0 dagger
  6565 | D:7      | Noticed a +0 dagger
  7508 | D:7      | Found a broken altar of Ashenzari.
  7637 | D:7      | Found a glowing silver altar of Zin.
  7691 | D:7      | Found a runed translucent gate.
  7691 | D:7      | Found a runed translucent gate.
  7691 | D:7      | Found a runed translucent gate.
  7691 | D:7      | Noticed 0gre's ghost (novice GnCj)
  7693 | D:7      | Found a basalt altar of Yredelemnul.
  7696 | D:7      | Reached XP level 10. HP: 88/88 MP: 9/9
  7774 | D:7      | Found a hazy altar of Hepliaklqana.
  8088 | D:8      | Reached skill level 8 in Fighting
  8447 | D:8      | Noticed a two-headed ogre
  8449 | D:8      | Noticed Erica
  8453 | D:8      | Killed a two-headed ogre
  8463 | D:8      | Killed Erica
  8680 | D:8      | Found an iron altar of Okawaru.
  8987 | D:9      | Noticed a two-headed ogre
  8992 | D:9      | Killed a two-headed ogre
  8993 | D:9      | Reached skill level 9 in Fighting
  9057 | D:9      | Reached XP level 11. HP: 97/97 MP: 10/10
  9120 | D:9      | Found a staircase to the Orcish Mines.
  9520 | D:9      | Found a radiant altar of Vehumet.
  9707 | D:10     | Entered Level 10 of the Dungeon
  9707 | D:10     | Noticed a brown ugly thing
  9715 | D:10     | Killed a brown ugly thing
  9739 | D:10     | Noticed a centaur warrior
  9741 | D:10     | Noticed Urug
  9746 | D:10     | Killed a centaur warrior
  9747 | D:10     | Reached skill level 10 in Fighting
  9756 | D:10     | Killed Urug
  9760 | D:10     | Paralysed by a hornet for 2 turns
  9996 | D:10     | Reached skill level 10 in Armour
 10030 | D:10     | Identified the +0 robe of Cocytus {rPois rF++ Will+ Str-3}
 10129 | D:10     | Noticed Erolcha
 10138 | D:10     | Killed Erolcha
 10185 | D:10     | Noticed Maggie
 10194 | D:10     | Killed Maggie
 10268 | D:10     | Noticed Snorg
 10270 | D:10     | Noticed Lodul
 10291 | D:10     | Killed Snorg
 10292 | D:10     | Reached skill level 15 in Axes
 10295 | D:10     | Killed Lodul
 10296 | D:10     | Reached skill level 11 in Fighting
 10487 | D:11     | Noticed a brown very ugly thing
 10487 | D:11     | Noticed a wizard
 10530 | D:11     | Reached XP level 12. HP: 110/110 MP: 11/11
 10536 | D:11     | Noticed benadryl's ghost (novice TrBe)
 10565 | D:11     | Found a transporter.
 10615 | D:11     | Found a transporter.
 10655 | D:11     | Found a staircase to the Lair.
 10962 | D:11     | Found Kyak's Book Boutique.
 11264 | D:12     | Reached skill level 10 in Shields
 11267 | D:12     | Reached skill level 12 in Fighting
 11316 | D:12     | Identified a scroll of acquirement
 11839 | D:13     | Noticed a five-headed hydra
 11842 | D:13     | Noticed a centaur warrior
 11845 | D:13     | Killed an eight-headed hydra
 11852 | D:13     | Killed a centaur warrior
 11884 | D:13     | Acquired the +5 war axe of Kecas {freeze, Int+3 Stlth+}
 11961 | D:13     | Noticed a centaur warrior
 11963 | D:13     | Noticed a vault guard
 11966 | D:13     | Killed a centaur warrior
 11966 | D:13     | Noticed a vault guard
 11967 | D:13     | Noticed a vault guard
 11969 | D:13     | Noticed a vault guard
 11970 | D:13     | Killed a vault guard
 11975 | D:13     | Killed a vault guard
 11975 | D:13     | Noticed a vault guard
 11977 | D:13     | Killed a vault guard
 11977 | D:13     | Noticed a vault guard
 11983 | D:13     | Killed a vault guard
 11984 | D:13     | Killed a vault guard
 11985 | D:13     | Reached skill level 13 in Fighting
 11988 | D:13     | Killed a vault guard
 11989 | D:13     | Found a gate to the Vaults.
 12021 | D:13     | Noticed a vault guard
 12022 | D:13     | Noticed a vault guard
 12028 | D:13     | Killed a vault guard
 12029 | D:13     | Reached XP level 13. HP: 89/122 MP: 12/12
 12792 | Lair:1   | Entered Level 1 of the Lair of Beasts
 12807 | Lair:1   | Identified the +0 cloak "Bowkil" {Int+2 Dex+3}
 13939 | Lair:2   | Reached skill level 14 in Fighting
 15255 | Lair:3   | Reached skill level 5 in Dodging
 15281 | Lair:3   | Found a staircase to the Snake Pit.
 15326 | Lair:3   | Reached skill level 15 in Fighting
 15724 | Lair:3   | Identified the +3 ring mail "Muin" {-Tele Rampage rElec
                  | Regen+}
 16352 | Lair:4   | Reached XP level 14. HP: 135/135 MP: 13/13
 17328 | Lair:5   | Entered Level 5 of the Lair of Beasts
 17695 | Lair:5   | Reached skill level 16 in Fighting
 17904 | Lair:5   | Found a runed translucent gate.
 17904 | Lair:5   | Found a runed translucent gate.
 17904 | Lair:5   | Found a runed translucent gate.
 17904 | Lair:5   | Noticed an azure jelly
 17904 | Lair:5   | Noticed a rockslime
 17904 | Lair:5   | Noticed an azure jelly
 17904 | Lair:5   | Noticed an acid blob
 17905 | Lair:5   | Found a viscous altar of Jiyva.
 17905 | Lair:5   | Noticed Novit's ghost (journeyman OpAE)
 17905 | Lair:5   | Noticed an azure jelly
 18497 | Lair:5   | Reached skill level 15 in Armour
 19125 | Orc:1    | Entered Level 1 of the Orcish Mines
 19125 | Orc:1    | Noticed Maurice
 19133 | Orc:1    | Killed Maurice
 19485 | Orc:1    | Found a runed translucent gate.
 19486 | Orc:1    | Found a runed translucent gate.
 19487 | Orc:1    | Found a runed translucent gate.
 19488 | Orc:1    | Noticed monoptic's ghost (journeyman TrFi)
 19987 | Orc:2    | Entered Level 2 of the Orcish Mines
 20002 | Orc:2    | Noticed an orc warlord
 20024 | Orc:2    | Reached skill level 17 in Fighting
 20041 | Orc:2    | Killed an orc warlord
 20042 | Orc:2    | Reached XP level 15. HP: 147/147 MP: 14/14
 20056 | Orc:2    | Found Kitwuc's Antique Armour Emporium.
 20367 | Orc:2    | Found a staircase to the Elven Halls.
 20403 | Orc:2    | Found Tinu's Distillery.
 20415 | Orc:2    | Found Vunev's General Store.
 20650 | Orc:2    | Found Haucits's Antique Weapon Shoppe.
 20663 | Orc:2    | Found Alaleymn's Armour Shop.
 20703 | Orc:2    | Bought a potion of experience for 700 gold pieces
 20709 | Orc:2    | Reached XP level 16. HP: 157/157 MP: 15/15
 20713 | Orc:2    | Bought a box of beasts for 560 gold pieces
 20917 | Orc:1    | Found Ding's Distillery.
 20971 | Orc:1    | Noticed Gastronok
 20981 | Orc:1    | Killed Gastronok
 21311 | Shoals:1 | Entered Level 1 of the Shoals
 21535 | Shoals:1 | Reached skill level 18 in Fighting
 21605 | Shoals:1 | Noticed a kraken
 21765 | Shoals:2 | Reached skill level 15 in Shields
 23237 | Shoals:3 | Noticed a kraken
 23277 | Shoals:3 | Noticed a kraken
 23351 | Shoals:3 | Noticed Bai Suzhen
 23374 | Shoals:3 | Killed Bai Suzhen
 23729 | Shoals:4 | Entered Level 4 of the Shoals
 24250 | Shoals:4 | HP: 3/159 [merfolk impaler/+5 trident of protection (8)]
 24252 | Shoals:4 | Slain by a merfolk impaler

Illustrated notes

Levels and vault maps discovered:
D:1:      doesnt_arrival_eight_statues, layout_basic, serial_shops,
          nicolae_shop_advertising_works [nicolae_subvault_shop_adworks], shop,
          nicolae_lakefront_shop, shop, shop,
          shapermc_ecumenical_altar_notcrosses
D:2:      minmay_spotlight, layout_basic, basic_altar
D:3:      layout_loops_cross, st_stairs_7
D:4:      layout_basic, nicolae_qazlal_style_of_elements,
          gup_ossuary_entry_pyramid, uniq_eustachio, uniq_natasha, uniq_pikel,
          uniq_duvessa
D:5:      layout_rooms, xom_redecorated, minmay_temple_entry_mini_moons,
          uniq_sigmund, uniq_menkaure, uniq_blork_the_orc
D:6:      cheibrodos_two_vegetables, layout_gridville
D:7:      layout_loops_ring, ashenzari_conservatory_becter,
          dancing_weapons_uskayaw, nicolae_yredelemnul_ghost_church,
          mainiacjoe_overflow_large_starburst, water_boxes_lemuel
D:8:      layout_basic, lemuel_round_altar, serial_undead, serial_undead_f,
          serial_undead_c, serial_undead_b, serial_undead_e, grunt_tough_drop,
          uniq_erica
D:9:      layout_basic, vehumet_statue, orc_0_dummy, grunt_decor_arrowhead
D:10:     layout_big_octagon, uniq_lodul, uniq_maggie, uniq_snorg, uniq_erolcha,
          uniq_urug
D:11:     layout_roguey, lair_entry_dummy, gammafunk_ghost_abyssal_escape,
          fungi_pond_lemuel, nicolae_stop_n_shop_2
D:12:     layout_cave_pools
D:13:     layout_cave_pods, erik_vaults_2, serial_column_ruins,
          column_ruins_hut_ruined, column_ruins_columns_straight,
          column_ruins_open_tiny, column_ruins_grid_1
Temple:   oiseaux_autumnal_temple
Lair:1:   layout_chaotic_city, serial_bayou_shore_a, lemuel_fruit_tree
Lair:2:   layout_regular_city, nicolae_shoals_entry_flooding,
          lightli_volcano_entry_magma_tube, serial_bayou_pond_c,
          grunt_megastairs_4
Lair:3:   layout_regular_city, minmay_snake_entry_six_corridors,
          chequers_serial_rivers_large_a, infiniplex_staircase_pool_2
Lair:4:   layout_gridlike, wad_woods_road_01, serial_bayou_shore_b
Lair:5:   due_jungle_book, layout_small_grid, minmay_slime_entry_oklob_open,
          gammafunk_ghost_ooze
Shoals:1: layout_shoals, hangedman_shoals_cup_caves
Shoals:2: layout_shoals
Shoals:3: layout_shoals, uniq_bai_suzhen
Shoals:4: shoals_end_simple, layout_shoals
Orc:1:    layout_caves, gammafunk_ghost_split, serial_shops, shop,
          uniq_gastronok, uniq_maurice
Orc:2:    st_orc_elflike, layout_caves, serial_shops, shop

Skill      XL: |  1  2  3  4  5  6  7  8  9 10 11 12 13 14 15 16 |
---------------+-------------------------------------------------+-----
Fighting       | 4 5 6 7 9 11 13 15 17 18 | 18.8
Armour         | 4 5 6 7 8 9 11 12 14 15 16 | 16.2
Axes           | 4 5 7 10 12 14 15 16 17 | 17.8
Shields        | 4 5 6 7 9 10 12 14 15 | 15.9
Dodging        | 1 2 3 4 5 6 |  6.3
Stealth        | 1 2 3 |  3.6
Throwing       | |  0.1
Evocations     | |  0.1

Action                     |  1- 3 |  4- 6 |  7- 9 | 10-12 | 13-15 | 16-18 || total
---------------------------+-------+-------+-------+-------+-------+-------++-------
  Melee: War axe           |    44 |    76 |   193 |   344 |   547 |   216 ||  1420
         Headbutt          |     7 |    15 |    36 |    67 |   137 |    72 ||   334
  Throw: Throwing net      |       |       |       |     1 |       |       ||     1
 Invoke: Bribe Branch      |       |       |       |       |       |     1 ||     1
  Evoke: Wand              |       |       |       |     1 |       |       ||     1
    Use: Scroll            |     2 |       |    13 |     4 |     7 |     5 ||    31
         Potion            |       |       |       |     1 |     1 |     1 ||     3
   Stab: Distracted        |       |       |     1 |     1 |     2 |     1 ||     5
 Armour: Scale mail        |    22 |       |       |       |       |       ||    22
         Chain mail        |    13 |    58 |   109 |   153 |   313 |   146 ||   792
  Dodge: Dodged            |    16 |    34 |    61 |    91 |   141 |    89 ||   432
  Block: Buckler           |     7 |    14 |    35 |   113 |    29 |       ||   198
         Kite shield       |       |       |       |       |   267 |   172 ||   439

Table legend: (Time is in decaauts)
 A = Elapsed time spent in this place.
 B = Non-inter-level travel time spent in this place.
 C = Inter-level travel time spent in this place.
 D = Time resting spent in this place.
 E = Time spent auto-exploring this place.
 F = Levels seen in this place.
 G = Mean time per level.
                   A        B        C        D        E       F      G
               +--------+--------+--------+--------+--------+-----+--------+
         Total |  25439 |  23890 |   1549 |   5283 |  11245 |  25 | 1017.6 |
       Dungeon |  13042 |  12067 |    975 |   2405 |   6179 |  13 | 1003.2 |
        Temple |    669 |    597 |     72 |    468 |      0 |   1 |  669.0 |
          Lair |   6419 |   6093 |    326 |    951 |   3504 |   5 | 1283.8 |
        Shoals |   3201 |   3087 |    114 |    937 |    709 |   4 |  800.2 |
  Orcish Mines |   2106 |   2045 |     61 |    521 |    852 |   2 | 1053.0 |
               +--------+--------+--------+--------+--------+-----+--------+

Top non-repeatable levels by time:
     D:6: 1969 daAuts
     D:7: 1632 daAuts
  Lair:2: 1519 daAuts
  Lair:5: 1451 daAuts
  Lair:3: 1298 daAuts
Shoals:2: 1202 daAuts
    D:13: 1173 daAuts
  Lair:4: 1164 daAuts
   Orc:1: 1154 daAuts
     D:4: 1152 daAuts
  Lair:1: 986 daAuts
     D:8: 982 daAuts
   Orc:2: 952 daAuts
     D:1: 922 daAuts
    D:10: 889 daAuts
